 Dungeon Crawl Stone Soup version 0.31-a0-237-g2d982f9f85 (webtiles) character file.

Game seed: 6059680448673805142

96 qw the Shooter (level 4, 0/26 HPs)
             Began as a Gargoyle Hexslinger on July 10, 2023.
             Slain by an orc
             ... wielding a +0 falchion
              (1 damage)
             ... on level 3 of the Dungeon.
             The game lasted 00:00:50 (1449 turns).

qw the Shooter (Gargoyle Hexslinger)                Turns: 1449, Time: 00:00:50

Health: 0/26       AC:  8    Str: 12    XL:     4   Next: 67%
Magic:  5/5        EV: 10    Int: 13    God:
Gold:   98         SH:  0    Dex: 14    Spells: 4/5 levels left

rFire   + . .        Y - +1 sling
rCold   . . .        (no shield)
rNeg    + . .        h - +0 ring mail
rPois   inf          (no helmet)
rElec   +            (no cloak)
rCorr   .            (no gloves)
SInv    .            (no boots)
Will    .....        (no amulet)
Stlth   +            d - ring of protection from fire
HPRegen 0.24/turn    (no ring)
MPRegen 0.09/turn

%: no passive effects
@: no status effects
A: sickness immunity, AC +3, negative energy resistance 1, electricity
resistance, torment resistance 1, petrification resistance
a: no special abilities


You were on level 3 of the Dungeon.
You visited 1 branch of the dungeon, and saw 3 of its levels.

You collected 98 gold pieces.


Innate Abilities, Weirdness & Mutations

You are immune to sickness and miasma.
Your stone body is resilient. (AC +3)
You are immune to poison.
You resist negative energy. (rN+)
You are resistant to electric shocks. (rElec)
You are resistant to unholy torment.
You are immune to petrification.


   Skills:
 - Level 2.0 Fighting
 + Level 4.2 Ranged Weapons
 - Level 1.0 Armour
 - Level 1.5 Dodging
 - Level 1.0 Spellcasting
 - Level 2.6 Hexes


You had 4 spell levels left.
You knew the following spells:

 Your Spells              Type           Power      Damage    Failure   Level
a - Slow                  Hex            28%        N/A       22%         1

Your spell library contained the following spells:

 Spells                   Type           Power      Damage    Failure   Level
 Inner Flame              Hex/Fire       4%         N/A       73%         3
 Portal Projectile        Hex/Tloc       8%         N/A       73%         3
 Cause Fear               Hex            3%         N/A       91%         4

Inventory:

Hand Weapons
 Y - a +1 sling (weapon)
Armour
 h - a +0 ring mail (worn)
Jewellery
 d - a ring of protection from fire (left hand)
Scrolls
 a - a scroll of fear {unknown}
 e - a scroll of identify
Potions
 b - a potion of mutation
 c - a potion of brilliance {unknown}
 g - a potion of curing {unknown}

Dungeon Overview and Level Annotations

Branches:
Dungeon (3/15)

Altars:
Yredelemnul

Annotations:
D:3 Sigmund


Message History

The hobgoblin hits you but does no damage.
Sigmund the Dreaded comes into view.
He is wielding a +0 scythe.
You shoot a sling bullet.
The sling bullet barely misses the hobgoblin.
The orc barely misses you. The hobgoblin closely misses you.
The hobgoblin barely misses you. The orc closely misses you.
An orc comes into view. It is wielding a +0 mace.
You shoot a sling bullet.
The sling bullet hits the hobgoblin but does no damage.
The hobgoblin is heavily wounded.
The orc hits you but does no damage.
Sigmund gestures wildly while chanting.
Sigmund flickers and vanishes!
Deactivating autopickup; reactivate with Ctrl-A.
The hobgoblin hits you but does no damage.
You shoot a sling bullet. The sling bullet hits the hobgoblin.
You kill the hobgoblin!
The orc hits you but does no damage.
You shoot a sling bullet. The sling bullet hits the orc.
The orc is heavily wounded.
The orc barely misses you. The orc hits you but does no damage. x2
The orc closely misses you.
You shoot a sling bullet.
The sling bullet closely misses the orc.
The orc hits you with a +0 falchion. The orc misses you.
Something hits you but does no damage.
You shoot a sling bullet. The sling bullet hits the orc.
You kill the orc!
The orc hits you but does no damage. Something hits you.
You shoot a sling bullet. The sling bullet hits the orc.
The orc is severely wounded.
The orc hits you but does no damage. The orc barely misses you. x2
The orc misses you. Something hits you!
You shoot a sling bullet. The sling bullet hits the orc.
You kill the orc!
The orc hits you but does no damage. Something hits you!
You shoot a sling bullet. The sling bullet hits the orc.
The orc is severely wounded.
The orc hits you with a +0 falchion.
You die...

..# ..# #.#
.######.#
......#.####
.)...{...###.
#.)o)...... #@#
.# #.##.#
#####....###. #
##......#.....
#.##.###.....####
...# #..#.##
#.##.###.##.#
#......)## ..
####%#.## ###


You could see an orc.

Vanquished Creatures
  3 adders
  A worm (D:2)
  6 dart slugs
  2 orcs (D:3)
  10 ball pythons
  3 endoplasms (D:1)
  4 goblins
  5 hobgoblins
  2 jackals (D:1)
  2 quokkas (D:1)
  4 bats (D:1)
  5 frilled lizards (D:1)
  4 kobolds
  3 rats
54 creatures vanquished.

Notes
Turn   | Place    | Note
-------+----------+-------------------------------------------
     0 | D:1      | qw the Gargoyle Hexslinger began the quest for the Orb.
     0 | D:1      | Reached XP level 1. HP: 12/12 MP: 2/2
     0 | D:1      | 0 ||| qw: Version: 0.3-a-52-g30416fa
     0 | D:1      | 0 ||| qw: Game counter: 5206
     0 | D:1      | 0 ||| qw: Melee chars always use a shield: true
     0 | D:1      | 0 ||| qw: God list: Okawaru
     0 | D:1      | 0 ||| qw: Allow faded altars: false
     0 | D:1      | 0 ||| qw: Do Orc after clearing Dungeon:15 true
     0 | D:1      | 0 ||| qw: Do second Lair branch before Depths: true
     0 | D:1      | 0 ||| qw: Lair rune preference: random
     0 | D:1      | 0 ||| qw: Goals: Normal
     0 | D:1      | 0 ||| PLANNING D:1-11
    30 | D:1      | Reached XP level 2. HP: 16/16 MP: 3/3
    40 | D:1      | 40 ||| FLEEEEING.
    41 | D:1      | 41 ||| FLEEEEING.
    42 | D:1      | 42 ||| FLEEEEING.
    43 | D:1      | 43 ||| FLEEEEING.
   182 | D:1      | Reached skill level 3 in Ranged Weapons
   483 | D:1      | Reached XP level 3. HP: 21/21 MP: 4/4
   898 | D:1      | 898 ||| UPGRADING to +0 ring mail.
   908 | D:1      | 908 ||| DROPPING +0 robe.
   909 | D:1      | 909 ||| READING scroll labelled SOOWIXZ JIAMMOI.
   910 | D:1      | 910 ||| READING 2 scrolls labelled DAOXUL AFOATIROPN.
   911 | D:1      | 911 ||| READING scroll labelled JUGIDONNUA.
   914 | D:1      | 914 ||| READING scroll labelled HATOWE SURCH.
   915 | D:1      | 915 ||| DROPPING scroll of poison.
   942 | D:2      | 942 ||| STAIRDANCE
   969 | D:2      | 969 ||| STAIRDANCE
  1017 | D:2      | Reached XP level 4. HP: 23/26 MP: 5/5
  1074 | D:2      | Reached skill level 4 in Ranged Weapons
  1114 | D:2      | Reached skill level 1 in Armour
  1133 | D:2      | Identified the +2 dagger "Oriraenn" {holy, rPois Str-3
                  | Stlth+}
  1159 | D:2      | 1159 ||| FLEEEEING.
  1181 | D:2      | Found a basalt altar of Yredelemnul.
  1380 | D:2      | 1380 ||| UPGRADING to ring of protection from fire.
  1381 | D:2      | 1381 ||| READING scroll labelled ZOASAGUNUU.
  1382 | D:2      | 1382 ||| READING scroll labelled NIACKE ETSEIQ.
  1383 | D:2      | 1383 ||| READING 2 scrolls of identify.
  1383 | D:2      | 1383 ||| IDENTIFYING sedimented cyan potion
  1396 | D:3      | 1396 ||| PLANNING SEWER
  1400 | D:3      | 1400 ||| STAIRDANCE
  1440 | D:3      | Noticed Sigmund
  1448 | D:3      | HP: 1/26 [something (9)]
  1449 | D:3      | Slain by an orc

Levels and vault maps discovered:
D:1:      roderic_octagonal_star, layout_basic, minmay_distorted
D:2:      layout_rooms, basic_altar
D:3:      layout_loops_ring, cheibrodos_sewer_entry_sluice, serial_bayou_lake_a,
          uniq_sigmund

Skill      XL: |  1  2  3  4 |
---------------+-------------+-----
Ranged Weapons | 3 4 |  4.2
Fighting       | 2 |  2.0
Armour         | 1 |  1.0
Dodging        | |  1.5
Spellcasting   | |  1.0
Hexes          | |  2.6

Action                     |  1- 3 |  4- 6 || total
---------------------------+-------+-------++-------
   Fire: Sling             |   133 |    75 ||   208
    Use: Scroll            |     4 |     3 ||     7
 Armour: Robe              |     5 |       ||     5
         Ring mail         |    27 |    28 ||    55
  Dodge: Dodged            |    64 |    29 ||    93

Table legend:
 A = Non-vault XP
 B = Vault XP
 C = Vault XP percentage of total XP
 D = Non-vault monster count
 E = Vault monster count
 F = Vault count percentage of total count
                 A         B        C        D         E       F
            +---------+---------+-------+---------+---------+-------
      Total |     137 |       1 |   0.7 |      53 |       1 |   1.9
            +---------+---------+-------+---------+---------+-------
        D:1 |      73 |       1 |   1.4 |      35 |       1 |   2.8
        D:2 |      52 |       0 |   0.0 |      13 |       0 |   0.0
        D:3 |      12 |       0 |   0.0 |       5 |       0 |   0.0
            +---------+---------+-------+---------+---------+-------
